 Dungeon Crawl Stone Soup version 0.31.0-32-g396128a36d (webtiles) character file.

Game seed: 1874793115114946263

43355 PaiMei the Black Sun (level 13, 0/111 HPs)
             Began as a Demonspawn Necromancer on Mar 25, 2024.
             Was a High Priest of Kikubaaqudgha.
             Slain by a skyshark (1 damage)
             ... on level 1 of the Lair of Beasts.
             The game lasted 00:34:37 (24616 turns).

PaiMei the Black Sun (Demonspawn Necromancer)      Turns: 24616, Time: 00:34:38

Health: 0/111      AC:  0    Str:  8    XL:     13   Next: 90%
Magic:  28/28      EV: 20    Int: 20    God:    Kikubaaqudgha [*****.]
Gold:   1098       SH:  0    Dex: 15    Spells: 14/35 levels left

rFire   . . .        t - melded +2 falchion (drain)
rCold   . . .        (shield currently unavailable)
rNeg    . . .        A - melded +0 acid dragon scales
rPois   .            L - melded +0 helmet
rElec   .            y - melded +0 cloak
rCorr   .            j - melded +1 pair of gloves
SInv    .            (boots currently unavailable)
Will    .....        u - amulet of regeneration
Stlth   ++           s - melded ring of protection from cold
HPRegen 1.18/turn    M - melded +5 ring of evasion
MPRegen 0.21/turn

%: no passive effects
@: pig-form, hasted and slowed, very quick
A: fast, no casting, small, rugged brown scales 2, (spiny 1), (demonic touch 2)
a: Renounce Religion, Unearth Wretches, Torment


You were on level 1 of the Lair of Beasts.
You worshipped Kikubaaqudgha.
Kikubaaqudgha was extremely pleased with you.
You were a filthy swine.
You visited 2 branches of the dungeon, and saw 16 of its levels.

You collected 1098 gold pieces.

Inventory:

Hand Weapons
 f - a +0 dagger of electrocution
 t - a +2 falchion of draining (melded)
 z - a +2 long sword of flaming
 P - a +5 short sword of freezing
Missiles
 p - 50 poisoned darts
 B - a throwing net
 S - 3 curare-tipped darts (quivered)
Armour
 j - a +1 pair of gloves (melded)
 x - the +0 helmet of the Vaults {Rampage rElec rC- rN+}
   (You found it on level 6 of the Dungeon)

   rC-:       It makes you vulnerable to cold.
   rElec:     It insulates you from electricity.
   rN+:       It protects you from negative energy.
   Rampage:   It bestows one free step when moving towards enemies.
 y - a +0 cloak (melded)
 A - +0 acid dragon scales (melded)
 E - the +3 leather armour "Jofrinev" {rF++ rC++ Str-4}
   (You took it off a gnoll on level 7 of the Dungeon)

   Str-4:     It affects your strength (-4).
   rF++:      It greatly protects you from fire.
   rC++:      It greatly protects you from cold.
 I - a +1 leather armour of fire resistance
 L - a +0 helmet (melded)
Jewellery
 s - a ring of protection from cold (melded)
 u - an amulet of regeneration (around neck)
 D - an amulet of guardian spirit
 K - an amulet of the acrobat
 M - a +5 ring of evasion (melded)
 T - a +6 ring of strength
Wands
 d - a wand of flame (50)
 w - a wand of polymorph (11)
 G - a wand of quicksilver (17)
 Q - a wand of mindburst (6)
 Z - a wand of charming (5)
Scrolls
 a - a scroll of amnesia {unknown}
 c - 6 scrolls of fear
 e - 2 scrolls of fog
 h - a scroll of vulnerability {unknown}
 l - 5 scrolls of immolation
 m - 3 scrolls of poison
 q - 6 scrolls of teleportation
 r - 2 scrolls of enchant armour {unknown}
 C - 3 scrolls of revelation
 H - 2 scrolls of noise {unknown}
 J - 2 scrolls of blinking {unknown}
 R - 2 scrolls of enchant weapon {unknown}
 Y - a scroll of silence {unknown}
Potions
 b - a potion of magic
 g - a potion of resistance {unknown}
 i - a potion of lignification {unknown}
 k - 3 potions of might
 n - 6 potions of curing
 o - 3 potions of heal wounds
 F - 3 potions of mutation
 N - a potion of haste
 O - a potion of berserk rage {unknown}
 U - a potion of brilliance {unknown}
 V - a potion of invisibility {unknown}
 X - a potion of attraction {unknown}


   Skills:
 - Level 11.0 Fighting
 + Level 5.2 Armour
 - Level 10.2 Dodging
 - Level 2.0 Stealth
 + Level 11.5 Spellcasting
 + Level 14.1 Necromancy
 + Level 5.5 Evocations


You had 14 spell levels left.
You knew the following spells:

 Your Spells              Type           Power      Damage    Failure   Level
a - Necrotise             Necr           100%       1d9       1%          1
b - Vampiric Draining     Necr           61%        2d10      1%          3
c - Animate Dead          Necr           61%        N/A       1%          4
d - Curse of Agony        Necr           61%        N/A       1%          5
e - Dispel Undead         Necr           61%        3d21      1%          4
f - Anguish               Hex/Necr       19%        N/A       3%          4

Your spell library contained the following spells:

 Spells                   Type           Power      Damage    Failure   Level
 Kiss of Death            Conj/Necr      100%       2d13      1%          1
 Sublimation of Blood     Necr           61%        N/A       1%          2
 Fugue of the Fallen      Necr           61%        N/A       1%          3
 Death Channel            Necr           30%        N/A       2%          6
 Magic Dart               Conj           44%        1d5       6%          1
 Summon Small Mammal      Summ           44%        N/A       6%          1
 Blink                    Tloc           22%        N/A       9%          2
 Ensorcelled Hibernation  Hex/Ice        22%        N/A       9%          2
 Lesser Beckoning         Tloc           22%        N/A       9%          2
 Momentum Strike          Conj/Tloc      22%        3d8       9%          2
 Searing Ray              Conj           22%        2d5       9%          2
 Confusing Touch          Hex            11%        N/A       19%         3
 Passwall                 Erth           11%        N/A       19%         3
 Stone Arrow              Conj/Erth      22%        3d8       19%         3
 Summon Ice Beast         Ice/Summ       11%        N/A       19%         3
 Swiftness                Air            11%        N/A       19%         3
 Animate Armour           Summ/Erth      22%        N/A       52%         4
 Brom's Barrelling Bould  Conj/Erth      11%        2d3       52%         4
 Fulminant Prism          Conj/Alch      5%         3d7       52%         4
 Manifold Assault         Tloc           11%        N/A       52%         4
 Fireball                 Conj/Fire      5%         3d5       86%         5
 Iskenderun's Battlesphe  Conj           11%        2d7       86%         5
 Summon Mana Viper        Hex/Summ       11%        N/A       86%         5
 Conjure Ball Lightning   Conj/Air       5%         3x3d6     100%        6
 Dispersal                Tloc           5%         N/A       100%        6
 Malign Gateway           Summ/Tloc      5%         N/A       100%        7
 Monstrous Menagerie      Summ           5%         N/A       100%        7
 Orb of Destruction       Conj           5%         9d5       100%        7
 Disjunction              Tloc           5%         N/A       100%        8
 Lehudib's Crystal Spear  Conj/Erth      5%         10d3      100%        8
 Dragon's Call            Summ           5%         N/A       100%        9


Dungeon Overview and Level Annotations

Branches:
Dungeon (11/15)            Temple (0/1) D:5            Lair (5/5) D:8
  Swamp (0/4) Lair:3       Spider (0/4) Lair:2        Slime (0/5) Lair:4
    Orc (0/2) D:10

Altars:
Hepliaklqana
Kikubaaqudgha
Makhleb
Ru
Vehumet
Yredelemnul
Jiyva

Shops:
D:4 [   D:5 **   D:10 =

Annotations:
D:8 3 transporters
D:11 2 transporters, monsoonserge's ghost, journeyman GnSh
Lair:1 Kirke
Lair:3 3 runed translucent doors, rundlesten's ghost, journeyman DrSh
Lair:4 exclusion: 3 oklob plants


Innate Abilities, Weirdness & Mutations

You are a filthy swine.
You move quickly.
Your equipment is almost entirely melded.
You are incapable of wielding weapons or throwing items.
You cannot cast spells.
(You are mostly covered in rugged brown scales. (AC +2, +5% HP))
((You are partially covered in sharp spines.))
((Your touch may inflict irresistible damage on your foes.))


Message History

You assume a fearsome visage.
Kirke resists with some effort.
The manticore looks frightened!
Kirke closely misses you.
You hit Kirke.
Kirke is heavily wounded.
Kirke hits you with a +0 hand axe!
* * * LOW HITPOINT WARNING * * *
You can't do that in your present form.
You can't do that in your present form.
Kirke hits you with a +0 hand axe.
* * * LOW HITPOINT WARNING * * *
Kirke hits you with a +0 hand axe.
* * * LOW HITPOINT WARNING * * *
You climb upwards.
The manticore disappears in a puff of smoke!
There is a stone staircase leading down here.
You feel much better.
Kirke points at you and mumbles some strange words.
You feel as though you will be slow longer.
You feel yourself speed up. Kirke completely misses you. Kirke misses you.
You can't do that in your present form.
You hit Kirke.
Kirke is heavily wounded.
You barely miss Kirke.
Kirke is heavily wounded.
Kirke hits you with a +0 hand axe!
* * * LOW HITPOINT WARNING * * *
You hit Kirke.
Kirke is heavily wounded.
Kirke hits you with a +0 hand axe!!
* * * LOW HITPOINT WARNING * * *
Kirke gestures wildly while chanting.
Kirke summons a manticore!
Kirke casts a spell at you.
You feel as though you will be slow longer.
The skyshark bites you!!
* * * LOW HITPOINT WARNING * * *
The skyshark tastes blood and grows stronger!
The skyshark tail-slaps you.
You die...
Kikubaaqudgha rasps: "You have failed me!
Welcome... death!"

##..............# ##..#
#......########.# #...#
##.....## #.# #P..#
##......# ##.# ##...
#P.....## #..# #...#
##.....# ##.# #....
#.....###### #.######..#
#.....#P##P###.........#
#.....Fh...............#
#..########P@..........#
#...# ##.H.........#
#..#### ###...........#
#..##.####.#...##.##...#
#..†........>.#######...
#.............# #...
#.............# ##...
#.............# #....


You could see Kirke and a skyshark (strong).

Vanquished Creatures
  3 hydras
  2 catoblepae
  4 two-headed ogres
  A death yak (Lair:3)
  A boulder beetle (Lair:1)
  2 skysharks
  A bog body (Lair:3)
  An ugly thing (D:11)
  2 black mambas (Lair:1)
  9 elephants
  Maggie (D:7)
  9 cane toads
  6 rime drakes
  10 komodo dragons
  An unseen horror (D:10)
  7 blink frogs
  2 polar bears (Lair:5)
  5 hornets
  Prince Ribbit (D:5)
  A jumping spider (Lair:2)
  Sigmund (D:2)
  A culicivora (Lair:2)
  A shadow (D:9)
  2 wraiths
  3 wyverns
  Eustachio (D:6)
  55 yaks
  4 hogs
  3 basilisks
  A human (D:10)
  4 vampire mosquitoes (D:11)
  A steam dragon (D:6)
  An acid dragon (D:10)
  16 water moccasins
  Duvessa (D:5)
  2 orc warriors
  3 black bears
  4 sky beasts
  4 wolves (Lair:5)
  5 ogres
  A centaur (D:5)
  A kobold brigand (D:11)
  12 bullfrogs
  A gnoll sergeant (D:7)
  2 scorpions
  5 wights
  Dowan (D:5)
  5 killer bees (D:7)
  An electric eel (D:10)
  3 howler monkeys
  5 hounds
  A jelly (D:7)
  A bombardier beetle (D:6)
  A gnoll bouda (D:7)
  2 orc priests (D:8)
  2 sleepcaps
  3 iguanas (D:5)
  Natasha (thrice) (D:2)
  13 orc wizards
  17 gnolls
  5 adders
  2 shadow imps
  3 white imps
  4 ribbon worms
  4 dart slugs
  26 orcs
  7 bats
  7 endoplasms
  A giant cockroach (D:3)
  9 goblins
  6 hobgoblins
  5 quokkas
  6 ball pythons
  5 frilled lizards
  10 kobolds
  5 rats
367 creatures vanquished.

Vanquished Creatures (collateral kills)
  A hydra (Lair:2)
  An elephant (Lair:5)
  A cane toad (Lair:4)
  A rime drake (Lair:4)
  An unseen horror (D:10)
  11 yaks
  A hog (D:10)
  2 water moccasins
  A centaur (D:11)
  A bullfrog (Lair:4)
  A wight (D:10)
  An orc priest (D:10)
  An orc (D:10)
  A ball python (D:1)
  2 endoplasms
  A hobgoblin (D:4)
28 creatures vanquished.

Vanquished Creatures (others)
  A two-headed ogre zombie (D:9)
  A cane toad zombie (Lair:5)
  A skyshark zombie (Lair:4)
  3 komodo dragon zombies (Lair:1)
  A water moccasin zombie (Lair:5)
  3 yak zombies (Lair:2)
10 creatures vanquished.

Grand Total: 405 creatures vanquished

Notes
Turn   | Place    | Note
-------+----------+-------------------------------------------
     0 | D:1      | PaiMei the Demonspawn Necromancer began the quest for the
                  | Orb.
     0 | D:1      | Reached XP level 1. HP: 13/13 MP: 3/3
     0 | D:1      | Noticed an iron dragon
     0 | D:1      | Noticed a shadow dragon
     1 | D:1      | Noticed a yellow draconian
     2 | D:1      | Noticed a shadow dragon
     2 | D:1      | Noticed an iron dragon
     4 | D:1      | Noticed a tentacled monstrosity
     7 | D:1      | Noticed a tentacled monstrosity
     8 | D:1      | Noticed an ice dragon
     9 | D:1      | Noticed an iron dragon
    11 | D:1      | Noticed an orb of fire
    13 | D:1      | Noticed a quicksilver dragon
    13 | D:1      | Noticed a tentacled monstrosity
    15 | D:1      | Noticed an iron dragon
    15 | D:1      | Noticed a purple draconian
    15 | D:1      | Noticed a yellow draconian
    17 | D:1      | Noticed a shadow dragon
    17 | D:1      | Noticed an iron dragon
    17 | D:1      | Noticed an iron dragon
    19 | D:1      | Noticed an iron dragon
    21 | D:1      | Noticed a white draconian
   372 | D:1      | Gained mutation: Your touch may inflict minor irresistible
                  | damage on your foes. [demonic ancestry]
   372 | D:1      | Reached XP level 2. HP: 19/19 MP: 0/5
   786 | D:2      | Found a burning altar of Makhleb.
   792 | D:2      | Noticed Natasha
  1104 | D:2      | Killed Natasha
  1105 | D:2      | Reached skill level 1 in Fighting
  1105 | D:2      | Gained mutation: Your touch may inflict irresistible damage
                  | on your foes. [demonic ancestry]
  1105 | D:2      | Reached XP level 3. HP: 20/26 MP: 2/6
  1218 | D:2      | Noticed Natasha
  1222 | D:2      | Killed Natasha
  1223 | D:2      | Reached XP level 4. HP: 27/32 MP: 0/7
  1506 | D:2      | Noticed Sigmund
  1810 | D:2      | Killed Sigmund
  1811 | D:2      | Reached skill level 5 in Necromancy
  1811 | D:2      | Gained mutation: You are partially covered in rugged brown
                  | scales. (AC +1, +3% HP) [demonic ancestry]
  1811 | D:2      | Reached XP level 5. HP: 30/40 MP: 7/9
  2081 | D:2      | Noticed Natasha
  2088 | D:2      | Killed Natasha
  2089 | D:2      | Gained mutation: You are partially covered in sharp spines.
                  | [demonic ancestry]
  2089 | D:2      | Reached XP level 6. HP: 34/47 MP: 4/11
  2632 | D:2      | Learned a level 3 spell: Vampiric Draining
  3012 | D:3      | Got the Incunable of Charms and the Boggart
  3304 | D:3      | Found a sacrificial altar of Ru.
  4123 | D:4      | Reached skill level 6 in Necromancy
  4123 | D:4      | Reached XP level 7. HP: 53/53 MP: 5/12
  4199 | D:4      | Noticed a wyvern
  4207 | D:4      | Killed a wyvern
  5306 | D:4      | Found Haymon's Dragon-Slaying Spoils.
  5467 | D:5      | Entered Level 5 of the Dungeon
  5608 | D:5      | Gained mutation: You are mostly covered in rugged brown
                  | scales. (AC +2, +5% HP) [demonic ancestry]
  5608 | D:5      | Reached XP level 8. HP: 55/63 MP: 9/14
  5642 | D:5      | Got Ewkiqamm's Guide on Injury
  5645 | D:5      | Found Etoeg's Elemental Accessories.
  5661 | D:5      | Found Fywac's Fire Supplies.
  5763 | D:5      | Found an ancient bone altar of Kikubaaqudgha.
  5772 | D:5      | Became a worshipper of Kikubaaqudgha
  5900 | D:5      | Noticed Prince Ribbit
  5915 | D:5      | Killed Prince Ribbit
  5916 | D:5      | Reached skill level 7 in Necromancy
  6081 | D:5      | Reached skill level 5 in Dodging
  6081 | D:5      | Reached skill level 5 in Spellcasting
  6094 | D:5      | Reached skill level 5 in Fighting
  6362 | D:5      | Noticed Duvessa
  6364 | D:5      | Noticed Dowan
  6374 | D:5      | Killed Duvessa
  6378 | D:5      | Killed Dowan
  6753 | D:5      | Found a staircase to the Ecumenical Temple.
  6934 | D:5      | Found a burning altar of Makhleb.
  7104 | D:6      | Found a hazy altar of Hepliaklqana.
  7121 | D:6      | Reached XP level 9. HP: 42/72 MP: 5/17
  7289 | D:6      | Reached skill level 8 in Necromancy
  7965 | D:6      | Noticed Eustachio
  8016 | D:6      | Identified the +0 helmet of the Vaults {Rampage rElec rC-
                  | rN+}
  8038 | D:6      | Killed Eustachio
  8215 | D:7      | Noticed Maggie
  8234 | D:7      | Killed Maggie
  8618 | D:7      | Reached * piety under Kikubaaqudgha
  8618 | D:7      | Received a gift from Kikubaaqudgha
  8761 | D:7      | Learned a level 4 spell: Animate Dead
  8768 | D:7      | Identified the +3 leather armour "Jofrinev" {rF++ rC++
                  | Str-4}
  8776 | D:7      | Reached skill level 9 in Necromancy
  9210 | D:7      | Reached XP level 10. HP: 82/82 MP: 20/20
  9824 | D:8      | Found a staircase to the Lair.
  9824 | D:8      | Noticed an elephant
 10100 | D:8      | Killed an elephant
 10224 | D:8      | Found a transporter.
 10293 | D:8      | Found a transporter.
 10317 | D:8      | Found a transporter.
 10317 | D:8      | Found a transporter.
 10696 | D:8      | Reached ** piety under Kikubaaqudgha
 11352 | D:9      | Noticed a two-headed ogre
 11361 | D:9      | Killed a two-headed ogre
 11362 | D:9      | Reached skill level 10 in Necromancy
 12017 | D:9      | Noticed a two-headed ogre
 12025 | D:9      | Killed a two-headed ogre
 12026 | D:9      | Reached XP level 11. HP: 91/91 MP: 12/23
 12329 | D:10     | Entered Level 10 of the Dungeon
 12386 | D:10     | Noticed a two-headed ogre
 12394 | D:10     | Killed a two-headed ogre
 12597 | D:10     | Found Niuc's Jewellery Boutique.
 12754 | D:10     | Found a staircase to the Orcish Mines.
 13190 | D:10     | Found a basalt altar of Yredelemnul.
 13822 | D:11     | Found a transporter.
 13822 | D:11     | Noticed monsoonserge's ghost (journeyman GnSh)
 13823 | D:11     | Noticed a two-headed ogre
 13823 | D:11     | Noticed a two-headed ogre
 13823 | D:11     | Noticed a two-headed ogre
 13823 | D:11     | Noticed a two-headed ogre
 13919 | D:11     | Noticed a two-headed ogre
 13927 | D:11     | Killed a two-headed ogre
 13928 | D:11     | Reached skill level 11 in Necromancy
 14317 | D:11     | Noticed a green ugly thing
 14327 | D:11     | Killed a green ugly thing
 14592 | D:11     | Found a transporter.
 14662 | Lair:1   | Entered Level 1 of the Lair of Beasts
 14662 | Lair:1   | Noticed a seven-headed hydra
 14671 | D:8      | Killed a seven-headed hydra
 15068 | Lair:1   | Reached *** piety under Kikubaaqudgha
 15068 | Lair:1   | Received a gift from Kikubaaqudgha
 15238 | Lair:1   | Noticed a boulder beetle
 15306 | Lair:1   | Killed a boulder beetle
 15307 | Lair:1   | Reached XP level 12. HP: 101/101 MP: 10/25
 15387 | Lair:1   | Learned a level 4 spell: Dispel Undead
 15393 | Lair:1   | Learned a level 5 spell: Curse of Agony
 15398 | Lair:1   | Learned a level 4 spell: Anguish
 15623 | Lair:1   | Reached skill level 10 in Fighting
 16231 | Lair:1   | Reached skill level 12 in Necromancy
 16329 | Lair:1   | Noticed a catoblepas
 16376 | Lair:1   | Killed a catoblepas
 17261 | Lair:1   | Reached skill level 10 in Spellcasting
 17495 | Lair:2   | Reached skill level 10 in Dodging
 17638 | Lair:2   | Noticed a seven-headed hydra
 18092 | Lair:2   | Killed a seven-headed hydra
 18261 | Lair:2   | Found a hole to the Spider Nest.
 18516 | Lair:2   | Reached **** piety under Kikubaaqudgha
 18889 | Lair:2   | Reached skill level 1 in Armour
 18899 | Lair:2   | Reached skill level 1 in Evocations
 19222 | Lair:2   | Noticed a four-headed hydra
 19231 | Lair:2   | Killed a five-headed hydra
 19424 | Lair:2   | Reached XP level 13. HP: 110/111 MP: 20/27
 19522 | Lair:3   | Found a radiant altar of Vehumet.
 19532 | Lair:3   | Reached skill level 13 in Necromancy
 19875 | Lair:3   | Found a runed translucent gate.
 20410 | Lair:3   | Found a runed translucent gate.
 20470 | Lair:3   | Noticed rundlesten's ghost (journeyman DrSh)
 20472 | Lair:3   | Found a runed translucent gate.
 20564 | Lair:3   | Found a staircase to the Swamp.
 21942 | Lair:4   | Found a viscous altar of Jiyva.
 21942 | Lair:4   | Found a staircase to the Slime Pits.
 22131 | Lair:5   | Entered Level 5 of the Lair of Beasts
 22131 | Lair:5   | Noticed Kirke
 22235 | Lair:4   | Reached ***** piety under Kikubaaqudgha
 23083 | Lair:5   | Reached skill level 5 in Evocations
 23826 | Lair:5   | Reached skill level 14 in Necromancy
 23827 | Lair:5   | Reached skill level 5 in Armour
 24195 | Lair:5   | Noticed a sphinx
 24202 | Lair:5   | Paralysed by a sphinx for 4 turns
 24616 | Lair:1   | HP: 1/111 [skyshark (18)]
 24616 | Lair:1   | Slain by a skyshark

Illustrated notes

Levels and vault maps discovered:
D:1:      shiori_arrival_whats_in_store_for_you, layout_rooms,
          minmay_pentomino_r2
D:2:      layout_basic, basic_altar, minmay_liquid_box,
          minmay_misc_feat_diagonals, uniq_crazy_yiuf_cottage, uniq_natasha,
          uniq_sigmund
D:3:      layout_basic, mainiacjoe_overflow_chevrons
D:4:      layout_layer_cave, nicolae_shop_dragon_depot, minmay_goblin_outpost
D:5:      layout_loops_cross, kennysheep_mini, lemuel_coloured_pillars_altar,
          minmay_temple_entry_glassed_door, kb_lookout_dungeons_type,
          nicolae_elemental_shop, nicolae_shop_fire_sale
          [nicolae_sub_dead_trees], corexii_shack, uniq_prince_ribbit1,
          uniq_duvessa
D:6:      layout_basic, mainiacjoe_overflow_tiny_flanked,
          nicolae_houndstooth_variations, uniq_eustachio
D:7:      layout_loops_cross, uniq_maggie
D:8:      layout_loops_cross, david_lair_generic, grunt_ministairs_3,
          nicolae_diode_intersection
D:9:      layout_long_grid, serial_glass, glass_columns_b, glass_columns_c
D:10:     layout_stronghold, yredelemnul_altar_generic, orc_0_dummy,
          serial_shops, nicolae_inconvenience_store, grunt_livestock,
          dreamdust_wishing_well
D:11:     layout_roguey, gammafunk_ghost_smash, dreamdust_mushroom_princess
Lair:1:   layout_chaotic_city, minmay_shattered_shrine
Lair:2:   cheibrodos_lair_overgrown_chateau, layout_hall_layers,
          spider_nest_entry_funnel_web, gauntlet_entry_generic
Lair:3:   layout_chaotic_city, skrybe_swamp_entry_bodies, basic_altar,
          gammafunk_ghost_hydra_chop
Lair:4:   layout_misc_corridors, minmay_slime_entry_oklob_open
Lair:5:   grunt_lair_end_beastmaster, layout_regular_city, st_stairs_12,
          uniq_kirke

Skill      XL: |  1  2  3  4  5  6  7  8  9 10 11 12 13 |
---------------+----------------------------------------+-----
Stealth        | 2 |  2.0
Dodging        | 2 3 4 5 6 8 9 10 | 10.2
Fighting       | 1 2 3 4 5 7 8 9 11 | 11.0
Spellcasting   | 3 4 5 6 8 9 10 11 | 11.5
Necromancy     | 5 6 7 9 10 11 12 14 | 14.1
Armour         | 1 5 |  5.2
Evocations     | 1 5 |  5.5

Action                     |  1- 3 |  4- 6 |  7- 9 | 10-12 | 13-15 || total
---------------------------+-------+-------+-------+-------+-------++-------
  Melee: Unarmed           |     2 |       |       |       |    23 ||    25
         Dagger            |     2 |    16 |    11 |       |       ||    29
         Touch             |     1 |     1 |    17 |    33 |    29 ||    81
         Falchion          |       |       |    82 |   155 |   124 ||   361
         Punch             |       |       |       |     1 |     3 ||     4
   Cast: Necrotise         |    37 |   120 |   115 |   108 |    68 ||   448
         Vampiric Draining |       |       |    65 |   230 |   142 ||   437
         Animate Dead      |       |       |       |     6 |     3 ||     9
         Curse of Agony    |       |       |       |     1 |     7 ||     8
         Dispel Undead     |       |       |       |       |     1 ||     1
         Anguish           |       |       |       |       |     1 ||     1
  Evoke: Wand              |       |       |       |     3 |       ||     3
    Use: Scroll            |       |       |       |     8 |     7 ||    15
         Potion            |       |       |       |       |     2 ||     2
   Stab: Sleeping          |       |       |     1 |     1 |       ||     2
         Distracted        |       |       |       |     2 |       ||     2
 Armour: Robe              |    13 |    27 |    43 |       |       ||    83
         Steam dragon scal |       |       |    64 |   275 |   152 ||   491
         Acid dragon scale |       |       |       |       |   105 ||   105
         Skin              |       |       |       |       |    20 ||    20
  Dodge: Dodged            |    12 |    32 |   138 |   486 |   449 ||  1117
